 Dungeon Crawl Stone Soup version 0.24.0-123-gd5b16e6ec5 (webtiles) character file.

Game seed: 37502078358344881, levelgen mode: deterministic

282 FishyPogo the Stinger (level 6, 0/44 HPs)
             Began as a Gnoll Venom Mage on Dec 19, 2019.
             Killed from afar by Natasha (7 damage)
             ... with a magic dart
             ... on level 3 of the Dungeon.
             The game lasted 00:08:47 (2576 turns).

FishyPogo the Stinger (Gnoll Venom Mage)            Turns: 2576, Time: 00:08:48

Health: 0/44       AC:  5    Str: 13    XL:     6   Next: 28%
Magic:  1/14       EV: 15    Int: 22    God:
Gold:   214        SH:  0    Dex: 15    Spells: 9/15 levels left

rFire    + . .     SeeInvis .   f - +1 hand axe (freeze)
rCold    . . .     Gourm    .   (no shield)
rNeg     . . .     Faith    .   a - +0 robe
rPois    .         Spirit   .   t - +0 helmet
rElec    .         Reflect  .   (no cloak)
rCorr    .         Harm     .   q - +1 pair of gloves
MR       .....                  (no boots)
Stlth    +++.......             (no amulet)
HPRegen  0.14/turn              v - ring of protection from fire
MPRegen  0.14/turn              (no ring)

@: brilliant, very slightly contaminated, slowed, very slow
A: distributed training, fangs 1, strong nose
a: no special abilities


You were on level 3 of the Dungeon.
You were not hungry.

You visited 1 branch of the dungeon, and saw 3 of its levels.

You collected 214 gold pieces.

Inventory:

Hand Weapons
 f - a +1 hand axe of freezing (weapon)
Missiles
 i - 49 stones (quivered)
 p - 27 poisoned darts
 x - 7 boomerangs
Armour
 a - a +0 robe (worn)
 q - a +1 pair of gloves (worn)
 t - a +0 helmet (worn)
Jewellery
 v - a ring of protection from fire (left hand)
Wands
 u - a wand of paralysis (12)
Scrolls
 d - 4 scrolls of identify {unknown}
 e - a scroll of noise {unknown}
 g - a scroll of fear {unknown}
 h - 3 scrolls of remove curse {unknown}
 j - 4 scrolls of immolation {unknown}
 k - 2 scrolls of teleportation {unknown}
 m - a scroll of amnesia {unknown}
 n - a scroll of fog {unknown}
Potions
 b - 2 potions of might {unknown}
 o - 2 potions of flight
 r - a potion of berserk rage {unknown}
 s - a potion of curing
Comestibles
 c - 5 rations
 w - 4 chunks of flesh


   Skills:
 + Level 1.8 Fighting
 + Level 1.8 Short Blades
 + Level 1.8 Long Blades
 + Level 1.8 Axes
 + Level 1.8 Maces & Flails
 + Level 1.8 Polearms
 + Level 1.8 Staves
 + Level 1.8 Slings
 + Level 1.8 Bows
 + Level 1.8 Crossbows
 + Level 1.8 Throwing
 + Level 1.8 Armour
 + Level 4.9 Dodging
 + Level 4.5 Stealth
 + Level 1.8 Shields
 + Level 1.8 Unarmed Combat
 + Level 5.3 Spellcasting
 + Level 2.6 Conjurations
 + Level 1.4 Hexes
 + Level 1.4 Charms
 + Level 1.4 Summonings
 + Level 1.4 Necromancy
 + Level 1.4 Translocations
 + Level 1.4 Transmutations
 + Level 1.4 Fire Magic
 + Level 1.4 Ice Magic
 + Level 1.4 Air Magic
 + Level 1.4 Earth Magic
 + Level 5.6 Poison Magic
 + Level 2.0 Invocations
 + Level 1.8 Evocations


You had 9 spell levels left.
You knew the following spells:

 Your Spells              Type           Power        Failure   Level  Hunger
a - Sting                 Conj/Pois      ####         1%          1    None
b - Poisonous Vapours     Pois/Air       ####..       1%          2    None
c - Mephitic Cloud        Conj/Pois/Air  ####....     1%          3    ##.....

Your spell library contained the following spells:

 Spells                   Type           Power        Failure   Level  Hunger
 Olgreb's Toxic Radiance  Pois           #####...     1%          4    ####...
 Venom Bolt               Conj/Pois      #####.....   6%          5    #####..


Dungeon Overview and Level Annotations

Branches:
Dungeon (3/15)

Altars:
Zin

Shops:
D:2 *

Annotations:
D:3 Natasha


Innate Abilities, Weirdness & Mutations

Your experience applies equally to all skills.
You have very sharp teeth.
Your uncanny sense of smell can sniff out nearby items.


Message History

The puff of frost hits you!
* * * LOW HITPOINT WARNING * * *
Natasha stares at you and mumbles some strange words.
You resist with some effort. The white imp misses you.
Natasha barely misses you.
It was a potion of curing.
You feel better. The white imp misses you. Natasha closely misses you.
The iron imp misses you. The white imp gestures at you.
The puff of frost hits you.
* * * LOW HITPOINT WARNING * * *
Natasha casts a spell.
It was a potion of brilliance.
You feel clever all of a sudden. The iron imp puffs mist at you.
The iron imp closely misses you. The white imp gestures at you.
The puff of frost misses you.
Natasha stares at you and mumbles some strange words.
The magic dart hits you!
You die...

#.. ####.. #############
####....# ##.....#.....#
........###.............
........##.........)....
........##..............
......5.................
......h@##..............
.....5.5##.....<........
........###.....รท......>
..[.....# ##.....#.....#
..#.....## #########.###
.#.......## #..#
..........# # #
#.........# #.
#.........# #.


You could see an iron imp, Natasha, a crimson imp and a white imp.

Vanquished Creatures
  An orc priest (D:3)
  Natasha (D:3)
  A hound skeleton (D:3)
  11 adders
  2 oozes
  6 worms (D:2)
  2 dart slugs (D:2)
  2 leopard geckos (D:2)
  8 orcs
  5 giant cockroaches
  6 goblins
  4 hobgoblins
  3 jackals
  A quokka (D:2)
  A ball python (D:1)
  13 bats
  8 frilled lizards
  4 kobolds
  11 rats
90 creatures vanquished.

Notes
Turn   | Place    | Note
-------+----------+-------------------------------------------
     0 | D:1      | FishyPogo the Gnoll Venom Mage began the quest for the Orb.
     0 | D:1      | Reached XP level 1. HP: 13/13 MP: 6/6
   149 | D:1      | Reached XP level 2. HP: 19/19 MP: 3/7
   210 | D:1      | Learned a level 2 spell: Poisonous Vapours
   582 | D:2      | Reached XP level 3. HP: 25/25 MP: 2/9
   587 | D:2      | Learned a level 3 spell: Mephitic Cloud
   598 | D:2      | Reached skill level 5 in Spellcasting
   632 | D:2      | Reached skill level 1 in Invocations
   685 | D:2      | Found a glowing silver altar of Zin.
   700 | D:2      | Reached skill level 1 in Fighting
   700 | D:2      | Reached skill level 1 in Short Blades
   700 | D:2      | Reached skill level 1 in Long Blades
   700 | D:2      | Reached skill level 1 in Axes
   700 | D:2      | Reached skill level 1 in Maces & Flails
   700 | D:2      | Reached skill level 1 in Polearms
   700 | D:2      | Reached skill level 1 in Staves
   700 | D:2      | Reached skill level 1 in Slings
   700 | D:2      | Reached skill level 1 in Bows
   700 | D:2      | Reached skill level 1 in Crossbows
   700 | D:2      | Reached skill level 1 in Throwing
   700 | D:2      | Reached skill level 1 in Armour
   700 | D:2      | Reached skill level 1 in Shields
   700 | D:2      | Reached skill level 1 in Unarmed Combat
   700 | D:2      | Reached skill level 1 in Evocations
   778 | D:2      | Found Zin's Purification Station.
   810 | D:2      | Reached XP level 4. HP: 30/32 MP: 8/11
  1055 | D:2      | Reached skill level 1 in Hexes
  1055 | D:2      | Reached skill level 1 in Charms
  1055 | D:2      | Reached skill level 1 in Summonings
  1055 | D:2      | Reached skill level 1 in Necromancy
  1055 | D:2      | Reached skill level 1 in Translocations
  1055 | D:2      | Reached skill level 1 in Transmutations
  1055 | D:2      | Reached skill level 1 in Fire Magic
  1055 | D:2      | Reached skill level 1 in Ice Magic
  1055 | D:2      | Reached skill level 1 in Air Magic
  1055 | D:2      | Reached skill level 1 in Earth Magic
  1194 | D:2      | Reached XP level 5. HP: 35/37 MP: 5/12
  2162 | D:3      | Noticed Natasha
  2240 | D:3      | Killed Natasha
  2267 | D:3      | Reached XP level 6. HP: 35/44 MP: 5/13
  2567 | D:3      | Noticed Natasha
  2576 | D:3      | Killed from afar by Natasha

Levels and vault maps discovered:
D:1:      dpeg_arrival_erosion, layout_rooms
D:2:      minmay_razor_zed, layout_loops_ring, zin_purify, minmay_joined_circles
D:3:      layout_rooms, lemuel_coloured_pillars_altar, first_ration,
          uniq_natasha

Skill      XL: |  1  2  3  4  5  6 |
---------------+-------------------+-----
Conjurations   | 2 |  2.6
Spellcasting   | 5 |  5.3
Invocations    | 1 2 |  2.0
Fighting       | 1 |  1.8
Short Blades   | 1 |  1.8
Long Blades    | 1 |  1.8
Axes           | 1 |  1.8
Maces & Flails | 1 |  1.8
Polearms       | 1 |  1.8
Staves         | 1 |  1.8
Slings         | 1 |  1.8
Bows           | 1 |  1.8
Crossbows      | 1 |  1.8
Throwing       | 1 |  1.8
Armour         | 1 |  1.8
Shields        | 1 |  1.8
Unarmed Combat | 1 |  1.8
Evocations     | 1 |  1.8
Hexes          | 1 |  1.4
Charms         | 1 |  1.4
Summonings     | 1 |  1.4
Necromancy     | 1 |  1.4
Translocations | 1 |  1.4
Transmutations | 1 |  1.4
Fire Magic     | 1 |  1.4
Ice Magic      | 1 |  1.4
Air Magic      | 1 |  1.4
Earth Magic    | 1 |  1.4
Dodging        | |  4.9
Stealth        | |  4.5
Poison Magic   | |  5.6

Action                   |  1- 3 |  4- 6 || total
-------------------------+-------+-------++-------
Melee: Unarmed           |    18 |    87 ||   105
       Bite              |     3 |    11 ||    14
       Punch             |       |     1 ||     1
       Dagger            |       |    40 ||    40
       Hand axe          |       |     2 ||     2
Throw: Stone             |     3 |     3 ||     6
 Cast: Sting             |    42 |   113 ||   155
       Poisonous Vapours |     5 |    19 ||    24
  Use: Potion            |       |     3 ||     3
  Eat: Chunk             |       |     6 ||     6
Armor: Robe              |     1 |    68 ||    69
Dodge: Dodged            |    12 |   168 ||   180
